 Dungeon Crawl Stone Soup version 0.25-a0-251-g572059c536 (webtiles) character file.

Game seed: 921930256640024102, levelgen mode: deterministic

39 floatRand the Chopper (level 3, 27/27 HPs)
             Began as a Demonspawn Gladiator on Dec 4, 2019.
             Was an Initiate of Ru.
             Quit the game on level 2 of the Dungeon.
             The game lasted 00:01:08 (1121 turns).

floatRand the Chopper (Demonspawn Gladiator)        Turns: 1121, Time: 00:01:08

Health: 27/27      AC:  3    Str: 14    XL:     3   Next: 26%
Magic:  3/3        EV: 12    Int:  9    God:    Ru [......]
Gold:   88         SH:  0    Dex: 15    Spells: 2/2 levels left

rFire    . . .     SeeInvis .   a - +0 war axe
rCold    . . .     Gourm    .   (no shield)
rNeg     . . .     Faith    .   b - +0 leather armour
rPois    .         Spirit   .   (helmet restricted)
rElec    .         Reflect  .   (no cloak)
rCorr    .         Harm     .   (no gloves)
MR       .....                  (no boots)
Stlth    +.........             (no amulet)
HPRegen  0.09/turn              (no ring)
MPRegen  0.08/turn              (no ring)

@: no status effects
A: antennae 2
a: Sacrifice Drink, Sacrifice Skill, Sacrifice Durability, Reject Sacrifices,
Renounce Religion


You were on level 2 of the Dungeon.
You worshipped Ru.
Ru was noncommittal.
You were hungry.

You visited 1 branch of the dungeon, and saw 2 of its levels.

You collected 88 gold pieces.

Inventory:

Hand Weapons
 a - a +0 war axe (weapon)
 j - a +1 whip of flaming
Missiles
 d - 3 throwing nets (quivered)
Armour
 b - a +0 leather armour (worn)
 c - a +0 helmet
Scrolls
 e - a scroll of noise {unknown}
 g - 2 scrolls of magic mapping {unknown}
 h - a scroll of immolation {unknown}
 i - a scroll of identify {unknown}
 k - 2 scrolls of remove curse {unknown}
Comestibles
 f - a ration


   Skills:
 - Level 2.0 Fighting
 + Level 4.0 Axes
 - Level 1.7 Throwing
 - Level 2.6 Dodging


You had 2 spell levels left.
You didn't know any spells.
Your spell library was empty.

Dungeon Overview and Level Annotations

Branches:
Dungeon (2/15)

Altars:
Ru


Innate Abilities, Weirdness & Mutations

You have a pair of antennae on your head.


Message History

You now have 88 gold pieces (gained 15).
You see here 2 scrolls labeled ITUKLE YNURY.
g - 2 scrolls labeled ITUKLE YNURY The rat barely misses you.
You hit the rat.
You kill the rat!
No target in view!
No target in view!
Found 8 atropa-tipped darts.
There is a faded altar of an unknown god here.
You cannot tell which god this altar belongs to.
Convert to them anyway?
Okay, then.
You cannot tell which god this altar belongs to.
Convert to them anyway?
Ru accepts your prayer! Ru welcomes you!
There is a stone staircase leading up here.
Ru believes you are ready to make a new sacrifice.
Found a stone staircase leading down.
Your library has no spells.
Are you sure you want to abandon this character and quit the game? (Confirm with "yes".)

####.....#
#.......#
####.....#
#.......#
...#.....#
###..####
##..##.###
###.##
##....#
#...#
####...#
#..##
.....#.#
#..#
######.#
#..# ..#
#.# #@.#
#....#.#
#..##
####...#
#..# # ..#
..## . #..
. ... #.
#..# . #.>
#(


There were no monsters in sight!

Vanquished Creatures
  An ooze (D:1)
  A dart slug (D:1)
  4 bats
  2 giant cockroaches (D:1)
  5 goblins (D:1)
  2 hobgoblins (D:1)
  4 jackals (D:1)
  2 ball pythons (D:1)
  A frilled lizard (D:1)
  4 kobolds
  3 rats
29 creatures vanquished.

Notes
Turn   | Place    | Note
-------+----------+-------------------------------------------
     0 | D:1      | floatRand the Demonspawn Gladiator began the quest for the
                  | Orb.
     0 | D:1      | Reached XP level 1. HP: 16/16 MP: 1/1
    85 | D:1      | Reached skill level 3 in Axes
   199 | D:1      | Gained mutation: You have a pair of small antennae on your
                  | head. [demonic ancestry]
   199 | D:1      | Reached XP level 2. HP: 18/22 MP: 2/2
   551 | D:1      | Gained mutation: You have a pair of antennae on your head.
                  | [demonic ancestry]
   551 | D:1      | Reached XP level 3. HP: 21/27 MP: 3/3
  1030 | D:2      | Found a faded altar of an unknown god.
  1052 | D:2      | Reached skill level 4 in Axes
  1106 | D:2      | Became a worshipper of Ru the Awakened
  1121 | D:2      | Quit the game

Levels and vault maps discovered:
D:1:      onia_arrival_handbag, layout_loops_corners
D:2:      minmay_chambers_of_twos, layout_rooms,
          chequers_ecumenical_altar_simple, uniq_sigmund

Skill      XL: |  1  2  3 |
---------------+----------+-----
Axes           | 3 4 |  4.0
Fighting       | |  2.0
Throwing       | |  1.7
Dodging        | |  2.6

Action                   || total
-------------------------++-------
Melee: War axe           ||    70
 Stab: Sleeping          ||     1
Armor: Leather armour    ||    24
Dodge: Dodged            ||    47

Table legend:
 A = Non-vault XP
 B = Vault XP
 C = Vault XP percentage of total XP
 D = Non-vault monster count
 E = Vault monster count
 F = Vault count percentage of total count
                 A         B        C        D         E       F
            +---------+---------+-------+---------+---------+-------
      Total |      45 |      11 |  19.6 |      25 |       4 |  13.8
            +---------+---------+-------+---------+---------+-------
        D:1 |      40 |      11 |  21.6 |      22 |       4 |  15.4
        D:2 |       5 |       0 |   0.0 |       3 |       0 |   0.0
            +---------+---------+-------+---------+---------+-------
